 Dungeon Crawl Stone Soup version 0.19.1 (webtiles) character file.

14545 Blunderbuss the Slicer (level 11, -6/99 HPs)
             Began as a Minotaur Berserker on Dec 27, 2016.
             Was a High Priest of Trog.
             Mangled by an orc warrior
             ... wielding a +0 trident
              (13 damage)
             ... on level 1 of the Orcish Mines.
             The game lasted 00:44:54 (11971 turns).

Blunderbuss the Slicer (Minotaur Berserker)        Turns: 11971, Time: 00:44:55

Health: -6/99      AC: 10    Str: 23    XL:     11   Next: 90%
Magic:  10/10      EV: 14    Int:  6    God:    Trog [*****.]
Gold:   494        SH:  0    Dex: 10    Spells: 0 memorised, 10 levels left

rFire  . . .     SeeInvis .     y - +1 sword of Power
rCold  . . .     Gourm    .     w - +0 troll leather armour
rNeg   . . .     Faith    .     (shield currently unavailable)
rPois  +         Spirit   .     (helmet restricted)
rElec  .         Reflect  .     (no cloak)
rCorr  .         Harm     .     (no gloves)
MR     .....                    f - +0 pair of boots
Stlth  ++........               (no amulet)
                                c - +3 ring of protection
                                g - ring of poison resistance

@: no status effects
A: retaliatory headbutt, horns 2
a: Berserk, Trog's Hand, Brothers in Arms, Burn Spellbooks, Renounce Religion


You were on level 1 of the Orcish Mines.
You worshipped Trog.
Trog was extremely pleased with you.
You were full.

You visited 3 branches of the dungeon, and saw 13 of its levels.

You collected 494 gold pieces.

Inventory:

Hand Weapons
 a - a +3 rapier of venom
 b - a +5 antimagic scimitar
 y - the +1 sword of Power (weapon)
   (You found it on level 1 of the Lair of Beasts)
Armour
 f - a +0 pair of boots (worn)
 w - a +0 troll leather armour (worn)
 A - the +2 leather armour of a bailey {rCorr}
   (You found it on level 1 of the Lair of Beasts)

   It protects you from acid and corrosion.
 B - a +2 ring mail of magic resistance
Jewellery
 c - a +3 ring of protection (right hand)
 g - a ring of poison resistance (left hand)
 i - an uncursed ring of ice
 j - an uncursed ring of teleportation
Wands
 l - a wand of iceblast (4/15)
 n - a wand of disintegration (17/24)
 q - a wand of polymorph (17/24)
 s - a wand of paralysis (13/24)
Scrolls
 d - 5 scrolls of remove curse
 e - 2 scrolls of identify
 k - 3 scrolls of teleportation
 p - 2 scrolls of magic mapping
 v - a scroll of fear
 C - a scroll of fog
Potions
 h - 3 potions of flight
 o - a potion of haste
 r - a potion of might
 x - a potion of lignification {unknown}
 D - a potion of magic {unknown}
Comestibles
 m - 6 meat rations
 u - 6 slices of pizza
 z - a bread ration


   Skills:
 + Level 10.0 Fighting
 + Level 14.2(14.3) Short Blades
 * Level 3.0(10.7) Long Blades
   Level 5.8 Polearms
 + Level 9.0 Armour
 + Level 7.1 Dodging
 + Level 2.2 Stealth
   Level 3.6 Shields


You had 10 spell levels left.
You didn't know any spells.

Dungeon Overview and Level Annotations

Branches:
Dungeon (11/15)            Temple (0/1) D:4            Lair (1/6) D:11
    Orc (1/2) D:9

Altars:
Ashenzari
Cheibriados
Hepliaklqana
Makhleb
Qazlal
Trog
Uskayaw
Xom
Zin
The Shining One

Shops:
D:3 *   D:10 *


Innate Abilities, Weirdness & Mutations

You reflexively headbutt those who attack you in melee.
You have a pair of horns on your head.


Message History

You barely miss the orc warrior. The orc warrior closely misses you.
The orc warrior hits you but does no damage.
The orc warrior hits you from afar with a trident!
* * * LOW HITPOINT WARNING * * *
The orc warrior misses you.
Evoke which item? (* to show all) (? for menu, Esc to quit)
Zapping:
n - a wand of disintegration (19/24)
Press: ? - help, Shift-Dir - straight line, f - orc warrior
Aim: an orc warrior, wielding a trident and wearing a plate armour (chance to defeat MR: 65%)
The orc warrior struggles to resist.
This wand has 18 charges left.
The orc warrior barely misses you.
Evoke which item? (* to show all) (? for menu, Esc to quit)
Zapping:
n - a wand of disintegration (18/24)
Press: ? - help, Shift-Dir - straight line, f/p - orc warrior
Aim: an orc warrior, wielding a trident and wearing a plate armour (chance to defeat MR: 65%)
The orc warrior struggles to resist.
This wand has 17 charges left.
The orc warrior hits you from afar with a trident.
* * * LOW HITPOINT WARNING * * *
The orc warrior hits you from afar with a trident!
You die...

.....###...#.#
#.....#....###
##........#
...#####....###
......#.....#.#
$...........###
#....#.###)).#
###...####.)..#.# .
#.....#.#..@...#
....#.......#o..####
......).)...)o...#
##......#...).####
#..............#
#...#......#....#
... ##.....###...$
.. #...### #.... .
#.... ....#


You could see 2 orc warriors.

Vanquished Creatures
  Snorg (D:10)
  The ghost of Jerry the Carver, a novice MiGl of Dithmenos (D:10)
  The ghost of cuckmaster the Grappler, a novice TrMo of Okawaru (D:7)
  A hill giant (D:11)
  An ugly thing (D:11)
  Pikel (D:8)
  A komodo dragon (Lair:1)
  3 trolls
  A two-headed ogre (Orc:1)
  A hippogriff (D:7)
  6 yaks
  A hungry ghost (D:10)
  A steam dragon (D:11)
  4 wargs (D:9)
  Edmund (D:6)
  6 water moccasins
  A porcupine (Lair:1)
  4 orc warriors
  3 ice beasts
  3 black bears
  4 phantoms
  A necrophage (D:9)
  8 ogres
  2 crocodiles (Lair:1)
  4 big kobolds
  7 bullfrogs
  4 scorpions
  A wyvern skeleton (D:11)
  8 killer bees (D:8)
  3 wights (D:7)
  A howler monkey (D:4)
  8 crimson imps
  A bullfrog zombie (D:7)
  A quasit (D:9)
  6 jellies
  11 orc priests
  4 hounds
  4 centaur skeletons
  3 bullfrog skeletons
  6 iguanas
  16 orc wizards
  Natasha (twice) (D:3)
  6 worker ants
  A hound zombie (D:7)
  A hound skeleton (D:9)
  A howler monkey zombie (D:10)
  7 gnolls
  3 howler monkey skeletons
  14 adders
  2 oozes
  2 adder skeletons
  An adder zombie (D:8)
  3 dart slugs
  5 leopard geckos
  43 orcs
  6 giant cockroaches
  5 goblins
  5 hobgoblins
  7 quokkas
  A ball python (D:1)
  12 bats
  6 frilled lizards
  20 kobolds
  A leopard gecko zombie (D:7)
  8 rats
307 creatures vanquished.

Vanquished Creatures (collateral kills)
  A hydra (D:10)
  2 dream sheep (D:10)
  4 slime creatures (D:11)
  A yak (D:10)
  2 big kobolds (D:10)
  A gnoll (D:10)
11 creatures vanquished.

Grand Total: 318 creatures vanquished

Notes
Turn   | Place    | Note
-------+----------+-------------------------------------------
     0 | D:1      | Blunderbuss the Minotaur Berserker began the quest for the Orb.
     0 | D:1      | Reached XP level 1. HP: 19/19 MP: 0/0
   291 | D:1      | Reached XP level 2. HP: 27/27 MP: 1/1
  1261 | D:2      | Reached XP level 3. HP: 13/33 MP: 2/2
  1273 | D:2      | Gained mutation: Your flesh is cold resistant. (rC+) [potion of mutation]
  1273 | D:2      | Gained mutation: Your magical capacity is low. (-10% MP) [potion of mutation]
  1273 | D:2      | Gained mutation: Your magical capacity is very low. (-20% MP) [potion of mutation]
  1401 | D:2      | Reached ** piety under Trog
  1985 | D:2      | Reached XP level 4. HP: 24/41 MP: 2/2
  2277 | D:3      | Reached skill level 1 in Shields
  2281 | D:3      | Reached skill level 5 in Fighting
  2287 | D:3      | Reached XP level 5. HP: 26/48 MP: 3/3
  2949 | D:3      | Found a glowing silver altar of Zin.
  2949 | D:3      | Found Zin's Purification Station.
  2993 | D:3      | Noticed Natasha
  2995 | D:3      | Killed Natasha
  3086 | D:3      | Noticed Natasha
  3092 | D:3      | Killed Natasha
  3154 | D:3      | Found a burning altar of Makhleb.
  3162 | D:3      | Reached *** piety under Trog
  3483 | D:4      | Found a glowing golden altar of the Shining One.
  3483 | D:4      | Found a shattered altar of Ashenzari.
  3483 | D:4      | Found a shimmering altar of Xom.
  3483 | D:4      | Found a stormy altar of Qazlal.
  3595 | D:4      | Reached skill level 5 in Polearms
  3595 | D:4      | Reached XP level 6. HP: 49/56 MP: 3/3
  3726 | D:4      | Reached skill level 1 in Stealth
  4128 | D:4      | Lost mutation: Your magical capacity is very low. (-20% MP) [potion of cure mutation]
  4128 | D:4      | Lost mutation: Your flesh is cold resistant. (rC+) [potion of cure mutation]
  4128 | D:4      | Lost mutation: Your magical capacity is low. (-10% MP) [potion of cure mutation]
  4141 | D:4      | Found a staircase to the Ecumenical Temple.
  4164 | D:5      | Entered Level 5 of the Dungeon
  4176 | D:5      | Reached XP level 7. HP: 61/61 MP: 6/6
  4472 | D:5      | Reached skill level 1 in Short Blades
  4798 | D:6      | Reached skill level 2 in Short Blades
  4827 | D:6      | Reached skill level 3 in Short Blades
  4843 | D:6      | Reached XP level 8. HP: 22/71 MP: 7/7
  5136 | D:6      | Reached skill level 5 in Armour
  5151 | D:6      | Reached skill level 4 in Short Blades
  5200 | D:6      | Reached skill level 5 in Short Blades
  5234 | D:6      | Found a hazy altar of Hepliaklqana.
  5309 | D:6      | Reached **** piety under Trog
  5491 | D:6      | Found a faded altar of an unknown god.
  5491 | D:6      | Found a hide-covered altar of Uskayaw.
  5496 | D:6      | Found a faded altar of an unknown god.
  5498 | D:6      | Found a faded altar of an unknown god.
  5500 | D:6      | Found a faded altar of an unknown god.
  5543 | D:6      | Noticed Edmund
  5570 | D:6      | Killed Edmund
  5643 | D:6      | Reached skill level 6 in Short Blades
  6004 | D:7      | Reached XP level 9. HP: 74/79 MP: 8/8
  6007 | D:7      | Reached skill level 7 in Short Blades
  6137 | D:7      | Noticed cuckmaster's ghost (novice TrMo)
  6153 | D:7      | Killed cuckmaster's ghost
  6153 | D:7      | Reached skill level 8 in Short Blades
  6153 | D:7      | Reached skill level 5 in Dodging
  6744 | D:7      | Found a bloodstained altar of Trog.
  6872 | D:7      | Reached skill level 9 in Short Blades
  7105 | D:8      | Found a snail-covered altar of Cheibriados.
  7370 | D:8      | Reached skill level 10 in Short Blades
  7399 | D:8      | Reached XP level 10. HP: 73/88 MP: 9/9
  7540 | D:8      | Reached ***** piety under Trog
  7729 | D:8      | Noticed Pikel
  7739 | D:8      | Killed Pikel
  7881 | D:9      | Reached skill level 11 in Short Blades
  8108 | D:9      | Found a staircase to the Orcish Mines.
  8473 | D:9      | Reached skill level 12 in Short Blades
  8556 | D:9      | Received a gift from Trog
  8679 | D:10     | Entered Level 10 of the Dungeon
  8699 | D:10     | Noticed Jerry's ghost (novice MiGl)
  8746 | D:10     | Killed Jerry's ghost
  9188 | D:10     | Noticed a three-headed hydra
  9195 | D:10     | Reached XP level 11. HP: 83/95 MP: 10/10
  9212 | D:10     | Killed a three-headed hydra
  9704 | D:10     | Noticed Snorg
  9722 | D:10     | Killed Snorg
  9722 | D:10     | Reached skill level 13 in Short Blades
  9950 | D:10     | Found Kuthepp's Serpentskin Sales.
 10216 | D:11     | Found a staircase to the Lair.
 10417 | D:11     | Noticed a purple ugly thing
 10450 | D:11     | Killed a purple ugly thing
 10765 | D:11     | Received a gift from Trog
 10768 | D:11     | Reached skill level 14 in Short Blades
 10934 | D:11     | Noticed a hill giant
 10957 | D:11     | Killed a hill giant
 11181 | Lair:1   | Entered Level 1 of the Lair of Beasts
 11353 | Lair:1   | Got a steaming leather armour
 11354 | Lair:1   | Identified the +2 leather armour of a bailey {rCorr} (You found it on level 1 of the Lair of Beasts)
 11477 | Lair:1   | Reached skill level 1 in Long Blades
 11689 | Lair:1   | Reached skill level 10 in Fighting
 11910 | Orc:1    | Entered Level 1 of the Orcish Mines
 11971 | Orc:1    | Mangled by an orc warrior

Skill      XL: |  1  2  3  4  5  6  7  8  9 10 11 |
---------------+----------------------------------+-----
Fighting       | 4 5 6 7 8 10 | 10.0
Polearms       | 4 5 |  5.8
Dodging        | 3 4 5 6 7 |  7.1
Shields        | 1 3 |  3.6
Armour         | 3 4 6 7 8 9 |  9.0
Stealth        | 1 2 |  2.2
Short Blades   | 3 6 10 12 14 | 14.2
Long Blades    | 3 |  3.0

Action                   |  1- 3 |  4- 6 |  7- 9 | 10-12 || total
-------------------------+-------+-------+-------+-------++-------
Melee: Spear             |    86 |   114 |       |       ||   200
       Headbutt          |    15 |    20 |    59 |    95 ||   189
       Halberd           |       |    12 |       |       ||    12
       Rapier            |       |    10 |   289 |   407 ||   706
       Great sword       |       |       |       |    43 ||    43
       Scimitar          |       |       |       |     8 ||     8
Invok: Berserk           |       |     1 |     1 |     1 ||     3
       Burn Spellbooks   |       |       |     1 |     4 ||     5
       Brothers in Arms  |       |       |     1 |     2 ||     3
Evoke: Wand              |       |       |       |     2 ||     2
  Use: Potion            |     2 |     5 |       |     4 ||    11
       Scroll            |       |    10 |     6 |     7 ||    23
 Stab: Sleeping          |     1 |       |       |       ||     1
  Eat: Bread ration      |     1 |       |     2 |     1 ||     4
       Beef jerky        |       |     2 |       |     1 ||     3
       Chunk             |       |     2 |       |       ||     2
       Meat ration       |       |     1 |       |     1 ||     2
       Royal jelly       |       |     1 |       |       ||     1
       Fruit             |       |       |       |    12 ||    12
Armor: Animal skin       |    17 |     6 |       |       ||    23
       Leather armour    |       |    14 |       |       ||    14
       Ring mail         |       |    21 |    74 |    91 ||   186
       Troll leather arm |       |       |       |    34 ||    34
Dodge: Dodged            |    28 |    48 |   172 |   244 ||   492
Block: Large shield      |    44 |    85 |       |       ||   129
       Rpst.: Great sword |       |       |       |     7 ||     7
       Scimitar          |       |       |       |     2 ||     2
